Map: Port Aleksander LE

Players

TIME (Oliveira) - Winner!

  • Race: Terran Terran
  • Spawn Location: 5:00

MacSed

  • Race: Protoss Protoss
  • Spawn Location: 11:00

Event: 2019 WCS Spring

VOD

Have the link to the VOD?

Description

Time

  • Played on: May 17, 2019, 1:33 p.m.
  • Length: 10:28

All games in this series

Show
View Real Time Build Order
Export as new Build Order

TIME Terran - Winner!

Build Orders: Cyclone Opening 

Get SALT Encoding   

  12  0:00  SCV  
  13  0:13  SCV  
  14  0:18  Supply Depot  
  14  0:25  SCV  
  15  0:40  SCV  
  15  0:42  Barracks  
  16  0:48  Refinery  
  16  0:52  SCV  
  17  0:59  Refinery  
  17  1:04  SCV  
  18  1:16  SCV  
  19  1:29  Reaper, Orbital Command  
  20  1:46  Factory  
  20  1:52  Supply Depot  
  20  1:55  SCV  
  21  2:01  Reaper  
  21  2:07  SCV  
  23  2:19  SCV  
  24  2:30  Factory Tech Lab  
  24  2:31  SCV  
  24  2:34  Starport  
  25  2:43  SCV  
  26  2:44  Supply Depot  
  26  2:50  Cyclone  
  29  2:55  SCV  
  30  3:11  Starport Tech Lab  
  30  3:15  Command Center  
  30  3:17  SCV  
  31  3:24  Cyclone  
  34  3:29  Cloaking Field  
  34  3:33  SCV  
  35  3:37  Banshee  
  38  3:43  Supply Depot  
  38  3:59  SCV  
  38  4:01  Cyclone  
  39  4:05  Barracks Reactor  
  39  4:11  SCV  
  40  4:21  Command Center  
  39  4:27  Banshee  
  39  4:29  SCV  
  43  4:36  Orbital Command  
  43  4:41  SCV  
  43  4:44  Marine x2  
  46  4:49  Siege Tank  
  49  4:58  SCV  
  48  5:03  SCV  
  48  5:07  Marine x2  
  49  5:09  Barracks  
  49  5:10  SCV  
  49  5:15  SCV  
  50  5:22  SCV  
  50  5:27  SCV  
  50  5:28  Barracks, Marine x2  
  53  5:33  Orbital Command  
  53  5:34  SCV  
  55  5:39  SCV  
  55  5:40  Engineering Bay  
  56  5:46  SCV  
  56  5:47  Marine, Refinery  
  56  5:48  Marine  
  59  5:52  SCV  
  60  5:58  SCV  
  60  6:01  SCV  
  60  6:04  SCV, Marine  
  60  6:05  Stimpack, Marine x2  
  60  6:06  Factory Reactor  
  60  6:08  Terran Infantry Weapons Level 1  
  60  6:10  Refinery  
  63  6:12  Supply Depot  
  63  6:14  Missile Turret  
  63  6:15  SCV  
  63  6:18  Combat Shield  
  64  6:21  Marauder  
  64  6:22  SCV  
  64  6:24  Marine x2  
  69  6:27  Marauder  
  69  6:28  SCV  
  72  6:34  SCV  
  72  6:36  Starport Reactor, Orbital Command, Supply Depot  
  73  6:41  SCV  
  73  6:42  Marauder, Marine  
  73  6:43  Marine  
  73  6:46  SCV  
  77  6:49  Marauder  
  77  6:51  Widow Mine x2  
  77  6:53  SCV  
  84  6:58  SCV  
  84  6:59  Supply Depot  
  84  7:00  Supply Depot  
  85  7:01  SCV  
  85  7:05  SCV  
  87  7:10  SCV  
  87  7:12  Barracks  
  87  7:13  SCV, Barracks  
  87  7:14  Missile Turret  
  88  7:17  SCV  
  88  7:19  Medivac x2  
  88  7:22  SCV  
  92  7:24  Widow Mine x2  
  92  7:26  SCV  
  92  7:28  Marine x2  
  98  7:34  SCV  
  98  7:35  Marauder x2  
  103  7:39  Supply Depot  
  103  7:41  Supply Depot  
  103  7:42  SCV  
  103  7:43  SCV  
  105  7:47  Marine x2  
  105  7:48  Widow Mine  
  109  7:59  Supply Depot  
  109  8:00  SCV x2, Medivac x2, Widow Mine  
  109  8:01  SCV  
  109  8:05  Supply Depot  
  114  8:11  Marauder, Marine x2  
  114  8:12  Barracks Tech Lab, Barracks Reactor  
  116  8:13  SCV x3  
  119  8:25  SCV x2  
  121  8:29  Marauder, Starport, Engineering Bay, Marine x2  
  121  8:30  Marine  
  121  8:31  SCV  
  121  8:32  Armory  
  121  8:37  SCV  
  121  8:41  Viking x2  
  126  8:42  SCV  
  126  8:43  SCV  
  126  8:44  Refinery  
  126  8:45  Refinery  
  126  8:48  Supply Depot  
  128  8:50  Marine  
  128  8:51  Marauder  
  131  8:59  Marine  
  123  9:05  Marine x2  
  123  9:06  Marauder, Viking x2  
  131  9:13  Viking  
  129  9:18  Marauder, Marine x2  
  129  9:19  Viking  
  129  9:24  Supply Depot x2  
  131  9:29  Marine x2  
  131  9:30  Marauder  
  135  9:36  Viking, Marine  
  135  9:37  Marauder  
  135  9:38  Viking  
  142  9:45  Ghost Academy  
  142  9:51  Marine x2  
  142  9:52  Marauder, Viking  
  145  9:55  Viking  
  145  9:59  Marauder, Marine  
  149  10:08  Marine  
  149  10:09  Marine  
Show
View Real Time Build Order
Export as new Build Order

MacSed Protoss 

Build Orders: Phoenix Opening 

Get SALT Encoding   

  12  0:00  Probe  
  13  0:12  Probe  
  14  0:19  Pylon  
  14  0:24  Probe  
  15  0:33  Probe  
  15  0:39  Gateway  
  15  0:41  Probe  
  16  0:49  Assimilator  
  17  0:51  Probe  
  18  1:03  Probe  
  19  1:15  Probe  
  20  1:27  Cybernetics Core  
  20  1:32  Assimilator, Probe  
  23  1:34  Pylon  
  23  1:55  Adept  
  23  1:56  Gateway  
  21  2:06  Gateway  
  23  2:10  Probe  
  24  2:22  Probe  
  25  2:25  Stargate  
  27  2:39  Nexus  
  27  2:43  Warp Gate  
  25  2:44  Stalker  
  25  2:47  Probe  
  28  2:59  Probe  
  28  3:02  Phoenix  
  28  3:11  Probe  
  31  3:16  Pylon  
  31  3:26  Phoenix, Shield Battery  
  31  3:35  Probe  
  34  3:42  Robotics Facility  
  34  3:47  Probe  
  33  3:55  Probe  
  33  3:59  Probe  
  33  4:02  Phoenix  
  35  4:03  Probe  
  38  4:11  Probe  
  38  4:13  Probe  
  40  4:19  Phoenix  
  40  4:23  Probe  
  40  4:29  Probe  
  43  4:33  Observer  
  43  4:35  Probe  
  43  4:36  Assimilator  
  43  4:38  Assimilator  
  45  4:41  Probe  
  46  4:48  Phoenix, Probe  
  49  4:53  Probe  
  49  5:00  Probe  
  49  5:05  Probe  
  50  5:07  Stalker x2  
  50  5:12  Probe  
  53  5:17  Probe  
  54  5:24  Pylon  
  54  5:31  Forge  
  54  5:37  Pylon  
  54  5:39  Robotics Bay  
  57  5:42  Probe x2  
  57  5:43  Observer  
  57  5:45  Pylon  
  57  5:54  Probe x2  
  58  6:07  Probe x2  
  60  6:12  Protoss Ground Armor Level 1  
  60  6:14  Gateway  
  60  6:15  Gateway  
  61  6:19  Colossus, Probe x2  
  61  6:24  Photon Cannon  
  62  6:31  Probe  
  69  6:35  Extended Thermal Lance  
  69  6:38  Probe  
  70  6:42  Sentry  
  70  6:43  Probe  
  73  6:50  Pylon  
  73  6:55  Gateway  
  73  6:56  Gateway  
  73  6:59  Colossus  
  73  7:01  Sentry  
  73  7:03  Phoenix  
  83  7:27  Sentry, Nexus  
  85  7:37  Pylon  
  85  7:39  Pylon  
  85  7:48  Gateway  
  85  7:49  Warp Prism  
  85  7:54  Gateway  
  87  8:07  Zealot x5  
  97  8:15  Stalker  
  97  8:19  Observer  
  99  8:28  Protoss Ground Weapons Level 1  
  99  8:32  Stalker  
  101  8:35  Pylon x2  
  101  8:47  Zealot  
  101  8:48  Zealot x5  
  103  9:04  Stalker x2  
  104  9:21  Pylon  
  104  9:23  Stalker x5  
  110  9:29  Pylon  
  110  9:32  Pylon  
  110  9:41  Stalker x2  
  114  9:53  Stalker x3  
  120  10:00  Zealot x2  
  120  10:06  Zealot  
  112  10:20  Stalker x3  
Tags
 
Add a new tag
Caveats
  • Supply blocks, unpowered buildings, or Contaminate may cause inaccurate times.
  • Supply counts are checked every 10 seconds.